Map: Cerulean Fall LE

Players

Yocto - Winner!

  • Race: Zerg Zerg
  • Spawn Location: 1:00

eslapion

  • Race: Terran Terran
  • Spawn Location: 7:00

VOD

Have the link to the VOD?

Description

Time

  • Played on: Dec. 9, 2018, 4:12 a.m.
  • Length: 12:52
Show
View Real Time Build Order
Export as new Build Order

Yocto Zerg - Winner!

Build Orders: Hatch First 

Get SALT Encoding   

  12  0:01  Drone  
  13  0:14  Overlord  
  13  0:18  Drone  
  14  0:34  Drone  
  14  0:35  Drone  
  16  0:37  Drone  
  17  1:01  Hatchery, Drone  
  17  1:05  Extractor  
  17  1:07  Drone  
  17  1:23  Spawning Pool  
  17  1:24  Drone  
  17  1:33  Drone  
  17  1:35  Drone  
  19  1:44  Overlord  
  19  1:55  Drone  
  20  2:18  Queen  
  20  2:19  Queen  
  20  2:21  Metabolic Boost  
  24  2:23  Drone x2  
  24  2:27  Drone  
  27  2:32  Drone x2  
  29  2:38  Drone x2  
  31  2:51  Drone x2  
  33  2:57  Overlord  
  33  3:01  Queen  
  35  3:15  Queen, Baneling Nest  
  35  3:18  Overlord  
  36  3:21  Zergling x4  
  36  3:22  Zergling x4  
  40  3:34  Zergling x2  
  40  3:35  Zergling x6  
  40  3:37  Overlord  
  40  3:41  Zergling x4  
  46  3:46  Zergling x4  
  48  4:04  Zergling x4  
  48  4:05  Zergling x4  
  48  4:08  Lair  
  52  4:10  Overlord  
  52  4:11  Overlord  
  52  4:20  Overlord x2  
  52  4:35  Baneling  
  52  4:36  Baneling x6  
  52  4:41  Zergling x4  
  52  4:42  Zergling x10  
  58  4:50  Zergling x4  
  60  5:21  Hatchery  
  60  5:23  Hydralisk Den  
  58  5:32  Drone x5  
  58  5:33  Drone x4  
  67  5:57  Extractor  
  67  5:59  Extractor  
  67  6:02  Evolution Chamber  
  67  6:03  Overseer  
  64  6:05  Evolution Chamber  
  64  6:08  Muscular Augments  
  64  6:10  Extractor, Drone  
  64  6:11  Drone x2  
  65  6:13  Drone x2  
  67  6:18  Drone  
  67  6:19  Drone x2  
  67  6:22  Drone x3  
  67  6:25  Overlord  
  73  6:31  Zerg Melee Weapons Level 1  
  73  6:34  Queen  
  73  6:39  Drone x6  
  81  6:52  Drone  
  82  6:56  Drone  
  82  6:57  Drone x5  
  88  7:15  Extractor  
  87  7:17  Extractor, Zergling x10  
  87  7:18  Zergling x10  
  96  7:23  Grooved Spines  
  96  7:45  Overlord x2  
  96  7:46  Overlord x5  
  96  7:57  Overlord x2  
  94  8:24  Drone x6  
  94  8:25  Drone x2  
  102  8:28  Queen  
  104  8:45  Drone x4  
  104  8:46  Hatchery  
  107  8:55  Infestation Pit  
  106  9:01  Zergling x4  
  106  9:02  Zergling x16  
  116  9:05  Extractor  
  116  9:06  Zerg Ground Armor Level 1, Zerg Melee Weapons Level 2  
  116  9:08  Extractor  
  114  9:10  Hydralisk x2  
  114  9:15  Spire  
  117  9:20  Pneumatized Carapace  
  117  9:29  Zergling x4  
  117  9:30  Zergling x10  
  124  9:45  Zergling x2  
  124  9:46  Zergling x12  
  124  9:48  Overlord x2  
  131  10:11  Zergling x8  
  131  10:12  Zergling x10  
  140  10:28  Corruptor x7  
  142  10:31  Baneling  
  142  10:32  Baneling x7  
  154  10:37  Baneling x2  
  150  11:02  Hive  
  150  11:10  Overlord x2, Drone  
  150  11:11  Overlord x3  
  151  11:25  Overlord x3  
  151  11:26  Overlord x2  
  151  11:28  Queen  
  153  11:37  Hydralisk  
  153  11:38  Hydralisk x5  
  153  11:39  Corruptor x7  
  165  11:41  Corruptor  
  179  11:51  Overseer x3  
  178  11:54  Drone  
  178  11:55  Drone x5  
  184  12:20  Corruptor x5  
  184  12:21  Corruptor  
Show
View Real Time Build Order
Export as new Build Order

eslapion Terran 

Build Orders:  

Get SALT Encoding   

  12  0:03  SCV  
  13  0:15  SCV  
  13  0:19  Supply Depot  
  14  0:27  SCV  
  15  0:34  Supply Depot  
  15  0:41  SCV  
  16  0:51  Barracks  
  16  0:54  SCV  
  17  1:06  SCV  
  17  1:08  Refinery  
  18  1:18  SCV  
  19  1:34  SCV  
  20  1:45  Engineering Bay  
  21  1:50  Orbital Command  
  21  1:52  Marine  
  21  2:09  Factory  
  21  2:26  Missile Turret  
  21  2:31  SCV  
  21  2:33  Barracks Reactor  
  22  2:39  Refinery  
  22  2:42  Command Center  
  22  2:43  SCV  
  23  2:56  Widow Mine  
  25  3:09  SCV  
  26  3:14  Marine x2  
  28  3:21  SCV  
  28  3:22  Factory Tech Lab, Starport  
  29  3:31  Marine  
  29  3:32  Marine  
  31  3:44  Supply Depot  
  31  3:54  SCV  
  32  4:05  Missile Turret  
  32  4:06  SCV, Supply Depot  
  32  4:08  Marine x2  
  35  4:10  Medivac  
  37  4:20  Barracks  
  37  4:25  Barracks  
  37  4:26  Marine x2  
  39  4:43  Marine  
  39  4:44  Marine  
  41  4:47  Refinery  
  41  4:48  Starport Tech Lab  
  41  4:50  Siege Tank  
  42  5:02  SCV  
  43  5:14  SCV  
  43  5:15  Bunker  
  44  5:35  SCV  
  45  5:38  Marine x2  
  47  5:47  SCV  
  47  5:48  Medivac  
  50  5:50  Factory Tech Lab  
  50  5:53  Marauder  
  50  5:54  Marauder  
  50  5:56  Marine x2, Stimpack  
  56  5:57  Concussive Shells  
  56  5:59  SCV  
  57  6:09  Terran Infantry Weapons Level 1  
  57  6:11  SCV  
  57  6:14  Marine x2  
  60  6:24  Marauder  
  62  6:33  Marine x2, Siege Tank  
  62  6:34  Marauder  
  62  6:36  Supply Depot  
  69  6:41  Medivac  
  71  6:51  Marine x2  
  73  6:59  Supply Depot  
  73  7:00  Starport  
  73  7:11  Marine  
  73  7:12  Marine  
  75  7:27  Starport Reactor  
  75  7:29  Marine  
  76  7:30  Marine  
  76  7:34  Marauder  
  76  7:36  Marauder  
  81  7:46  Marine  
  81  7:47  Marine  
  83  8:03  Terran Infantry Armor Level 1  
  83  8:04  Marine  
  76  8:19  Orbital Command  
  76  8:24  Siege Tank  
  79  8:35  Starport Tech Lab  
  79  8:36  Viking x2  
  79  8:40  Reaper  
  84  8:49  SCV  
  85  9:01  Marauder  
  87  9:03  Marine  
  87  9:06  Banshee  
  91  9:12  Marine  
  92  9:31  Marine x2  
  94  9:47  Liberator  
  94  9:49  Command Center  
  94  10:04  Marine x2  
  94  10:05  Viking, Supply Depot  
  101  10:22  Marine  
  101  10:27  Marine, Siege Tank, Banshee  
  109  10:29  Supply Depot  
  109  10:40  Marine  
  110  10:45  Marine  
  111  10:58  Marine  
  111  10:59  Cyclone  
  111  11:02  Marine  
  116  11:12  Missile Turret  
  116  11:16  Marine  
  117  11:19  Viking x2  
  117  11:21  Banshee  
  124  11:33  Missile Turret  
  124  12:01  Viking x2  
  128  12:04  Banshee  
Tags
 
Matchup
TvZ
Replay Pack
Yocto
Spawn Locations
Cross Positions
Add a new tag
Caveats
  • Supply blocks, unpowered buildings, or Contaminate may cause inaccurate times.
  • Supply counts are checked every 10 seconds.